 Dungeon Crawl Stone Soup version 0.28-a0-1235-g7c8fac35f0 (webtiles) character file.

Game seed: 14939365886599993379

26768 r3xj the Warrior (level 13, -6/132 HPs)
             Began as a Minotaur Fighter on Dec 24, 2021.
             Was a High Priest of Okawaru.
             Killed from afar by Azrael (33 damage)
             ... with a fireball
             ... on level 13 of the Dungeon.
             The game lasted 00:32:29 (18919 turns).

r3xj the Warrior (Minotaur Fighter)                Turns: 18919, Time: 00:32:30

Health: -6/132     AC: 21    Str: 25    XL:     13   Next: 0%
Magic:  3/12       EV: 11    Int:  5    God:    Okawaru [*****.]
Gold:   940        SH:  6    Dex: 11    Spells: 12/12 levels left

rFire   . . .      SeeInvis .   L - +2 morningstar (freeze)
rCold   . . .      Faith    .   c - +0 buckler
rNeg    . . .      Spirit   .   N - +0 plate armour
rPois   .          Reflect  .   (helmet restricted)
rElec   .          Harm     .   (no cloak)
rCorr   .          Rampage  .   O - +0 pair of gloves {infuse}
Will    ++...                   j - +0 pair of boots
Stlth   ..........              (no amulet)
HPRegen 0.32/turn               C - ring of willpower
MPRegen 0.13/turn               I - ring of willpower

@: about to teleport, heroic
A: horns 2, retaliatory headbutt
a: Renounce Religion, Heroism, Finesse, Duel


You were on level 13 of the Dungeon.
You worshipped Okawaru.
Okawaru was extremely pleased with you.
You visited 2 branches of the dungeon, and saw 14 of its levels.

You collected 940 gold pieces.

Inventory:

Hand Weapons
 K - a +1 morningstar of protection
 L - a +2 morningstar of freezing (weapon)
Missiles
 y - 6 throwing nets (quivered)
 D - 44 poisoned darts
Armour
 c - a +0 buckler (worn)
 j - a +0 pair of boots (worn)
 v - a scarf of harm
 N - a +0 plate armour (worn)
 O - a +0 pair of gloves of infusion (worn)
Jewellery
 m - a ring of wizardry
 z - a ring of positive energy
 C - a ring of willpower (left hand)
 F - a +6 ring of dexterity
 I - a ring of willpower (right hand)
 Q - a +6 ring of strength
 R - the ring of Uxyek {rN+ Dex+5 SInv}
   (You found it on level 13 of the Dungeon)

   [ring of positive energy]

   Dex:       It affects your dexterity (+5).
   rN:        It protects you from negative energy.
   SInv:      It lets you see invisible.
Wands
 o - a wand of flame (24)
 A - a wand of acid (6)
 B - a wand of digging (4)
 M - a wand of paralysis (5)
Scrolls
 e - 6 scrolls of fear
 f - a scroll of identify
 i - 6 scrolls of enchant weapon
 k - 5 scrolls of immolation
 n - a scroll of holy word
 p - 4 scrolls of teleportation
 s - a scroll of enchant armour
 t - 2 scrolls of blinking {unknown}
 u - 3 scrolls of noise {unknown}
 E - 3 scrolls of amnesia {unknown}
 G - 2 scrolls of magic mapping {unknown}
 J - a scroll of silence {unknown}
Potions
 a - a potion of cancellation
 b - 5 potions of invisibility
 d - 2 potions of might
 g - 8 potions of curing
 h - a potion of mutation
 l - 2 potions of flight
 q - 3 potions of ambrosia
 r - 3 potions of heal wounds
 w - 2 potions of lignification
 x - a potion of attraction
 H - 4 potions of brilliance
 P - a potion of resistance


   Skills:
 + Level 17.0(22.0) Fighting
 - Level 16.0(21.0) Maces & Flails
 + Level 12.0(17.0) Armour
 + Level 4.3(9.3) Dodging
 - Level 4.0(9.0) Shields


You had 12 spell levels left.
You didn't know any spells.
Your spell library contained the following spells:

 Spells                   Type           Power      Damage    Failure   Level
 Apportation              Tloc           0%         N/A       98%         1
 Foxfire                  Conj/Fire      0%         2x1d4     98%         1
 Freeze                   Ice            0%         1d3       98%         1
 Sublimation of Blood     Necr           0%         N/A       99%         2
 Wereblood                Tmut           0%         N/A       99%         2
 Conjure Flame            Conj/Fire      0%         6-21      100%        3
 Frozen Ramparts          Ice            0%         1d2       100%        3
 Ignite Poison            Fire/Tmut/Pois 0%         N/A       100%        3
 Inner Flame              Hex/Fire       0%         N/A       100%        3
 Mephitic Cloud           Conj/Pois/Air  0%         N/A       100%        3
 Flame Wave               Conj/Fire      0%         2d4       100%        4
 Hailstorm                Conj/Ice       0%         3d3       100%        4
 Alistair's Intoxication  Tmut/Pois      0%         N/A       100%        5
 Freezing Cloud           Conj/Ice/Air   0%         6-21      100%        5
 Iskenderun's Battlesphe  Conj           0%         2d6       100%        5
 Iron Shot                Conj/Erth      0%         9d1       100%        6
 Animate Skeleton         Necr           Unusable   N/A       N/A         1
 Summon Small Mammal      Summ           Unusable   N/A       N/A         1
 Spellforged Servitor     Conj/Summ      Unusable   N/A       N/A         7
 Summon Hydra             Summ           Unusable   N/A       N/A         7

Dungeon Overview and Level Annotations

Branches:
Dungeon (13/15)            Temple (1/1) D:5            Lair (0/6) D:11
    Orc (0/2) D:10
 Vaults: D:13-14

Altars:
Ashenzari
Cheibriados
Dithmenos
Elyvilon
Fedhas
Gozag
Hepliaklqana
Kikubaaqudgha
Makhleb
Nemelex Xobeh
Okawaru
Qazlal
Ru
Sif Muna
Trog
Uskayaw
Vehumet
Wu Jian
Xom
Yredelemnul
Zin
The Shining One

Shops:
D:5 (

Annotations:
D:12 1 runed translucent door, Adrian566's ghost, journeyman TrFi
D:13 Azrael


Innate Abilities, Weirdness & Mutations

You have a pair of horns on your head.
You reflexively headbutt those who attack you in melee.


Message History

Your headbutt misses the fire elemental.
The fire elemental is severely damaged.
The fire elemental barely misses you.
You thump the fire elemental! You freeze the fire elemental.
You destroy the fire elemental!
Okawaru accepts your kill. The hell hound breathes flames at you.
The blast of flame hits the fire elemental.
The fire elemental completely resists.
The blast of flame hits the hell hound.
The hell hound completely resists.
The blast of flame hits you!
You have reached level 13!
You barely miss the hell hound. You headbutt the hell hound.
The hell hound is lightly wounded.
The hell hound breathes flames at you. The blast of flame hits you.
The hell hound breathes flames at you. The blast of flame hits you!
You impale the hell hound!! You freeze the hell hound.
You kill the hell hound!
Okawaru accepts your kill.
A fire elemental comes into view.
You gain the combat prowess of a mighty hero.
Azrael gestures at you.
The sphere of damnation explodes!
The damnation engulfs you!!
The damnation engulfs Azrael.
Azrael completely resists.
Azrael gestures at you.
The fireball explodes!
The fireball engulfs you!!
* * * LOW HITPOINT WARNING * * *
The fireball engulfs Azrael.
Azrael completely resists.
As you read the scroll of teleportation, it crumbles to dust.
You feel strangely unstable.
Azrael hits you with a +3 scimitar of flaming.
* * * LOW HITPOINT WARNING * * *
Azrael burns you.
* * * LOW HITPOINT WARNING * * *
You puncture Azrael! You freeze Azrael. Your headbutt misses Azrael.
Azrael is lightly wounded.
Azrael gestures at you.
The fireball explodes!
The fireball engulfs you!!
You die...

####'## #..<.....# #..## ......#
#........# ###'###
......####........####.#...#
..(...##............##.#.#.###.#
......'..#........#..#.#.#.....#
......####..^.....##.'.#.#####.#
......# #........####.........#
####+## #######.## ###+#######
#@# #R#


hE# .### E. .○ ..° .>. You could see Azrael (fast), 2 fire elementals and a hell
hound.

Vanquished Creatures
  A catoblepas (D:11)
  A hydra (D:12)
  Harold (D:11)
  4 two-headed ogres
  5 death yaks (D:11)
  9 skeletal warriors
  Pikel (D:6)
  An orc knight (D:9)
  2 cyclopes
  A manticore (D:12)
  An ugly thing (D:11)
  A gargoyle (D:12)
  An unseen horror (D:12)
  4 trolls
  9 slime creatures (D:13)
  A shadow (D:10)
  8 yaks
  3 vampires
  3 wraiths
  A fire elemental (D:13)
  2 wyverns
  4 steam dragons
  2 basilisks
  3 water moccasins
  An acid dragon (D:9)
  2 hell hounds (D:13)
  An ice beast (D:5)
  Pargi (D:3)
  2 sky beasts
  2 orc warriors (D:10)
  4 black bears
  A hornet zombie (D:9)
  2 ogres
  4 necrophages (D:8)
  10 centaurs
  A lemure (D:5)
  A phantom (D:6)
  2 kobold brigands (D:9)
  A gnoll sergeant (D:12)
  3 bullfrogs
  2 scorpions
  A wyvern zombie (D:8)
  A killer bee (D:9)
  16 wights
  An electric eel (D:7)
  A howler monkey (D:12)
  2 jellies
  7 centaur zombies
  A hound (D:5)
  6 orc priests
  A bullfrog skeleton (D:6)
  3 centaur skeletons
  An iguana (D:5)
  11 orc wizards
  A killer bee zombie (D:8)
  A howler monkey zombie (D:9)
  Robin (D:4)
  12 gnolls
  6 adders
  A shadow imp (D:4)
  3 white imps
  An ufetubus (D:6)
  An adder skeleton (D:4)
  2 worms
  19 orcs
  2 bats
  9 endoplasms
  2 giant cockroaches
  6 hobgoblins
  3 quokkas
  3 ball pythons
  2 frilled lizards
  18 goblins
  11 kobolds
  2 rats (D:1)
  A spectral goblin (D:2)
268 creatures vanquished.

Vanquished Creatures (others)
  2 bushes (D:8)
  4 fungi (D:12)
  10 plants
16 creatures vanquished.

Grand Total: 284 creatures vanquished

Notes
Turn   | Place    | Note
-------+----------+-------------------------------------------
     0 | D:1      | r3xj the Minotaur Fighter began the quest for the Orb.
     0 | D:1      | Reached XP level 1. HP: 19/19 MP: 0/0
   370 | D:1      | Reached XP level 2. HP: 27/27 MP: 1/1
   746 | D:2      | Reached skill level 4 in Fighting
   828 | D:2      | Reached XP level 3. HP: 33/33 MP: 2/2
   944 | D:2      | Found a faded altar of an unknown god.
  1290 | D:2      | You fall into a shaft and drop 1 floor!
  1291 | D:3      | Noticed Pargi
  1582 | D:3      | Killed Pargi
  1583 | D:3      | Reached skill level 5 in Armour
  1583 | D:3      | Reached XP level 4. HP: 38/41 MP: 3/3
  1583 | D:3      | Reached XP level 5. HP: 43/47 MP: 4/4
  1838 | D:3      | Reached skill level 5 in Fighting
  2065 | D:3      | Found a hazy altar of Hepliaklqana.
  2412 | D:3      | Found a sparkling altar of Nemelex Xobeh.
  2486 | D:4      | Found a shadowy altar of Dithmenos.
  2519 | D:4      | Noticed Robin
  2523 | D:4      | Killed Robin
  2529 | D:4      | Reached XP level 6. HP: 56/56 MP: 5/5
  2568 | D:4      | Found a sacrificial altar of Ru.
  3135 | D:5      | Entered Level 5 of the Dungeon
  3207 | D:5      | Reached skill level 5 in Maces & Flails
  3242 | D:5      | Reached skill level 6 in Fighting
  3339 | D:5      | Reached XP level 7. HP: 50/63 MP: 6/6
  3627 | D:5      | Noticed a wyvern
  3630 | D:5      | Killed a wyvern
  3631 | D:5      | Reached skill level 7 in Fighting
  3717 | D:5      | Found Ceaceest's Antique Weapon Shoppe.
  3765 | D:5      | Found a staircase to the Ecumenical Temple.
  3861 | D:5      | Found a radiant altar of Vehumet.
  4034 | D:5      | Reached XP level 8. HP: 68/73 MP: 7/7
  4300 | Temple   | Entered the Ecumenical Temple
  4569 | Temple   | Became a worshipper of Warmaster Okawaru
  5517 | D:6      | Noticed Pikel
  5921 | D:6      | Killed Pikel
  5921 | D:6      | Reached * piety under Okawaru
  5922 | D:6      | Reached skill level 8 in Fighting
  6087 | D:6      | Reached XP level 9. HP: 79/82 MP: 8/8
  6138 | D:6      | Found a shimmering blue altar of Sif Muna.
  6138 | D:6      | Found an ornate altar of the Wu Jian Council.
  6437 | D:7      | Reached ** piety under Okawaru
  7247 | D:7      | Reached skill level 9 in Fighting
  7574 | D:7      | Reached skill level 10 in Maces & Flails
  8074 | D:8      | Reached *** piety under Okawaru
  8429 | D:8      | Found a blossoming altar of Fedhas.
  9227 | D:8      | Reached skill level 10 in Armour
  9232 | D:8      | Reached XP level 10. HP: 90/93 MP: 9/9
  9343 | D:9      | Reached **** piety under Okawaru
  9344 | D:9      | Reached skill level 10 in Fighting
 10326 | D:9      | Noticed a two-headed ogre
 10338 | D:9      | Killed a two-headed ogre
 10338 | D:9      | Reached ***** piety under Okawaru
 10338 | D:9      | Received a gift from Okawaru
 11003 | D:9      | Reached skill level 11 in Fighting
 11391 | D:10     | Entered Level 10 of the Dungeon
 12104 | D:10     | Found a staircase to the Orcish Mines.
 12104 | D:10     | Noticed an orc knight
 12104 | D:10     | Noticed a skeletal warrior
 12106 | D:10     | Noticed a skeletal warrior
 12267 | D:9      | Killed an orc knight
 12268 | D:9      | Reached XP level 11. HP: 47/102 MP: 7/10
 12489 | D:10     | Killed a skeletal warrior
 12742 | D:10     | Noticed a skeletal warrior
 12747 | D:10     | Killed a skeletal warrior
 12753 | D:10     | Noticed a skeletal warrior
 12753 | D:10     | Noticed a skeletal warrior
 12995 | D:9      | Killed a skeletal warrior
 12996 | D:9      | Reached skill level 12 in Fighting
 13218 | D:10     | Killed a skeletal warrior
 13219 | D:10     | Reached skill level 15 in Maces & Flails
 13362 | D:10     | Killed a skeletal warrior
 13853 | D:10     | Identified the +1 leather armour of the Gate {rElec MP-9
                  | Str+8 Int+5}
 13914 | D:11     | Noticed a two-headed ogre
 13918 | D:11     | Noticed a two-headed ogre
 13919 | D:11     | Killed a two-headed ogre
 13926 | D:11     | Killed a two-headed ogre
 13926 | D:11     | Noticed a red ugly thing
 13947 | D:11     | Killed a red ugly thing
 13947 | D:11     | Received a gift from Okawaru
 14002 | D:11     | Noticed a two-headed ogre
 14159 | D:11     | Killed a two-headed ogre
 14160 | D:11     | Reached skill level 13 in Fighting
 14258 | D:11     | Noticed Harold
 14273 | D:11     | Killed Harold
 14524 | D:11     | Found a staircase to the Lair.
 14525 | D:11     | Noticed a death yak
 14537 | D:11     | Killed a death yak
 14577 | D:11     | Reached XP level 12. HP: 116/116 MP: 1/11
 14663 | D:11     | Noticed a death yak
 14663 | D:11     | Noticed a death yak
 14663 | D:11     | Noticed a death yak
 14663 | D:11     | Noticed a catoblepas
 14663 | D:11     | Noticed a death yak
 14679 | D:11     | Killed a death yak
 14680 | D:11     | Reached skill level 14 in Fighting
 14683 | D:11     | Killed a death yak
 14705 | D:11     | Killed a catoblepas
 14709 | D:11     | Killed a death yak
 14710 | D:11     | Reached skill level 15 in Fighting
 14821 | D:11     | Killed a death yak
 15495 | D:11     | Received a gift from Okawaru
 15619 | D:10     | HP: 1/122 [skeletal warrior[a skeletal warrior] (7)]
 15621 | D:10     | Reached skill level 16 in Fighting
 16795 | D:12     | Reached skill level 1 in Dodging
 17199 | D:12     | Found a runed translucent door.
 17202 | D:12     | Noticed Adrian566's ghost (journeyman TrFi)
 17221 | D:12     | Identified the +9 spear of the Slashing Queen {spect, Str+4
                  | Dex+6}
 17880 | D:12     | Noticed a seven-headed hydra
 17887 | D:12     | Killed a seven-headed hydra
 18383 | D:13     | Reached skill level 17 in Fighting
 18626 | D:13     | Found an iron altar of Okawaru.
 18856 | D:13     | Identified the ring of Uxyek {rN+ Dex+5 SInv}
 18907 | D:13     | Noticed Azrael
 18915 | D:13     | Reached XP level 13. HP: 109/132 MP: 6/12
 18919 | D:13     | Killed from afar by Azrael

Illustrated notes

Levels and vault maps discovered:
D:1:      lightli_arrival_chessboard, layout_loops_ring, serial_park_tiny_1,
          chequers_serial_rivers_micro_c, st_stairs_3
D:2:      layout_basic, dreamdust_ecumenical_altar_drowned_temple
D:3:      layout_basic, nemelex_dance_club_becter, amcnicky_altar_gilded,
          amcnicky_mini_rare_corridor_liquid, uniq_pargi
D:4:      layout_loops_ring, mainiacjoe_overflow_catwalk, old_standard_altar,
          uniq_robin
D:5:      black_bear_nest_2, layout_basic, nicolae_overflow_crystal_walls,
          temple_green, serial_shops, nicolae_take_the_stairs
D:6:      layout_layer_cave, gammafunk_temple_overflow_wave,
          kennysheep_generic_room_10, uniq_pikel
D:7:      layout_cave_pods, serial_column_ruins, column_ruins_square_medium,
          column_ruins_hut_water, column_ruins_grid_1, column_ruins_grid_3,
          column_ruins_corridor_straight, column_ruins_grid_3,
          column_ruins_corridor_straight, kennysheep_minor_cross
D:8:      layout_loops_ring, fedhas_altar_decomposition
D:9:      layout_loops_ring, minmay_alternating_orb
D:10:     layout_stronghold, orc_david_3
D:11:     layout_loops_ring, dpeg_lair_monsters, centaur_isle, uniq_harold
D:12:     layout_big_octagon, ebering_ghost_funeral_grove
D:13:     layout_roguey, okawaru_metal_pillars_1_2, uniq_azrael
Temple:   minmay_temple_curvy_branch

Skill      XL: |  1  2  3  4  5  6  7  8  9 10 11 12 |
---------------+-------------------------------------+-----
Fighting       | 4 5 6 7 8 9 11 13 17 | 17.0
Maces & Flails | 3 4 5 6 9 11 13 16 | 16.0
Armour         | 4 5 6 7 8 10 11 12 | 12.0
Shields        | 4 |  4.0
Dodging        | 4 |  4.3

Action                   |  1- 3 |  4- 6 |  7- 9 | 10-12 | 13-15 || total
-------------------------+-------+-------+-------+-------+-------++-------
Melee: Flail             |    68 |    81 |   260 |   148 |       ||   557
       Headbutt          |    12 |    16 |    57 |   130 |     1 ||   216
       Morningstar       |       |       |       |   361 |     3 ||   364
Invok: Heroism           |       |       |       |    18 |     1 ||    19
  Use: Potion            |     1 |       |       |     2 |       ||     3
       Scroll            |       |       |       |    17 |     1 ||    18
 Stab: Petrifying        |       |       |       |     1 |       ||     1
       Petrified         |       |       |       |     1 |       ||     1
Armor: Scale mail        |    33 |    39 |   111 |    59 |       ||   242
       Plate armour      |       |       |       |   157 |       ||   157
Dodge: Dodged            |    32 |    28 |   118 |   184 |       ||   362
Block: Buckler           |    12 |     8 |    42 |   102 |       ||   164

Table legend: (Time is in decaauts)
 A = Elapsed time spent in this place.
 B = Non-inter-level travel time spent in this place.
 C = Inter-level travel time spent in this place.
 D = Time resting spent in this place.
 E = Time spent auto-exploring this place.
 F = Levels seen in this place.
 G = Mean time per level.
                   A        B        C        D        E       F      G
               +--------+--------+--------+--------+--------+-----+--------+
         Total |  18838 |  18028 |    810 |   2297 |  13239 |  14 | 1345.6 |
       Dungeon |  18546 |  17779 |    767 |   2297 |  12993 |  13 | 1426.6 |
        Temple |    291 |    248 |     43 |      0 |    246 |   1 |  291.0 |
               +--------+--------+--------+--------+--------+-----+--------+

Top non-repeatable levels by time:
     D:9: 2518 daAuts
    D:11: 2481 daAuts
     D:8: 1856 daAuts
    D:10: 1851 daAuts
     D:6: 1692 daAuts
    D:12: 1421 daAuts
     D:7: 1374 daAuts
     D:5: 1322 daAuts
     D:3: 880 daAuts
    D:13: 860 daAuts
     D:2: 852 daAuts
     D:1: 737 daAuts
     D:4: 697 daAuts
  Temple: 291 daAuts
